 Dungeon Crawl Stone Soup version 0.31-a0-1549-g5ff9445e89 (webtiles) character file.

Game seed: 11676085894682042700

46 innerfire43 the Shield-Bearer (level 3, -1/26 HPs)
             Began as a Demonspawn Wanderer on Jan 2, 2024.
             Was a Follower of Wu Jian.
             Slain by a gnoll
             ... wielding a +0 spear
              (9 damage)
             ... on level 3 of the Dungeon.
             The game lasted 00:03:30 (1531 turns).

innerfire43 the Shield-Bearer (Demonspawn Wanderer) Turns: 1531, Time: 00:03:30

Health: -1/26      AC:  5    Str: 10    XL:     3   Next: 44%
Magic:  1/5        EV: 10    Int: 17    God:    Wu Jian [*.....]
Gold:   100        SH:  4    Dex: 11    Spells: 4/5 levels left

rFire   . . .        v - +0 flail (heavy)
rCold   . . .        b - +0 buckler
rNeg    . . .        d - +0 robe
rPois   .            l - +2 helmet
rElec   .            (no cloak)
rCorr   .            (no gloves)
SInv    .            (no boots)
Will    .....        f - amulet of faith
Stlth   +            n - ring of wizardry
HPRegen 0.24/turn    (no ring)
MPRegen 0.09/turn

%: faith, wizardry (x1)
@: no status effects
A: claws 2
a: Renounce Religion


You were on level 3 of the Dungeon.
You worshipped Wu Jian.
Wu Jian was aware of your devotion.
You visited 1 branch of the dungeon, and saw 3 of its levels.

You collected 100 gold pieces.

Inventory:

Hand Weapons
 a - a +0 hand axe
 v - a +0 heavy flail (weapon)
Armour
 b - a +0 buckler (worn)
 d - a +0 robe (worn)
 l - a +2 helmet (worn)
Jewellery
 f - an amulet of faith (around neck)
 n - a ring of wizardry (left claw)
Scrolls
 e - 2 scrolls of silence
 g - 4 scrolls of immolation {unknown}
 h - 2 scrolls of enchant weapon {unknown}
 j - a scroll of teleportation {unknown}
 m - a scroll of enchant armour {unknown}
 o - a scroll of noise {unknown}
 p - a scroll of acquirement {unknown}
 q - 2 scrolls of revelation {unknown}
 r - 3 scrolls of identify {unknown}
 u - a scroll of vulnerability {unknown}
Potions
 c - 2 potions of might
 i - a potion of heal wounds {unknown}
 k - a potion of lignification {unknown}
 s - 2 potions of resistance {unknown}
 t - 2 potions of curing {unknown}


   Skills:
 + Level 1.4 Fighting
 - Level 1.5 Axes
 + Level 0.0(0.8) Maces & Flails
 + Level 3.7 Shields
 * Level 1.9 Spellcasting
 * Level 3.1 Air Magic


You had 4 spell levels left.
You knew the following spells:

 Your Spells              Type           Power      Damage    Failure   Level
a - Shock                 Conj/Air       24%        1d4       6%          1

Your spell library contained the following spells:

 Spells                   Type           Power      Damage    Failure   Level
 Summon Lightning Spire   Summ/Air       6%         N/A       47%         4
 Vhi's Electric Charge    Tloc/Air       12%        N/A       47%         4
 Olgreb's Toxic Radiance  Alch           1%         N/A       69%         4
 Ozocubu's Refrigeration  Ice            0%         4d7       100%        7
 Discord                  Hex            0%         N/A       100%        8


Dungeon Overview and Level Annotations

Branches:
Dungeon (3/15)

Altars:
Wu Jian


Innate Abilities, Weirdness & Mutations

You have very sharp fingernails.


Message History

You barely miss the gnoll.
The gnoll is almost dead.
The gnoll closely misses you.
You hit the gnoll.
You kill the gnoll!
The Council accepts your kill.
No target in view!
You see here a +0 heavy flail.
v - a +0 heavy flail
v - a +0 heavy flail (weapon)
n - a ring of wizardry (left claw)
Okay, then.
A gnoll comes into view. It is wielding a +0 spear.
The gnoll shouts!
A gnoll is nearby!
A gnoll comes into view. It is wielding a +0 whip.
The zap hits the gnoll.
The gnoll is lightly wounded.
The zap hits the gnoll but does no damage.
The gnoll shouts!
The zap misses the gnoll.
Okay, then.
The zap hits the gnoll.
The gnoll is moderately wounded.
The gnoll closely misses you.
The zap hits the gnoll.
The gnoll is heavily wounded.
The gnoll closely misses you.
The zap misses the gnoll.
The gnoll hits you from afar with a +0 spear.
You are out of magic!
You are out of magic!
You are out of magic!
You closely miss the gnoll. The gnoll hits you but does no damage.
The gnoll hits you with a +0 whip. The gnoll barely misses you.
You hit the gnoll but do no damage.
The gnoll hits you from afar with a +0 spear.
The gnoll hits you with a +0 whip.
The gnoll hits you from afar with a +0 spear!
You die...

### ## #.# ..
#.########
###.######.....#..###
...........#.#.#.....
........g.@....>....
.#.....g.....####.#
#.####............ #
#####..####.# #..#
###..# #...[####.#
#.#.......#
#.##.######


You could see 2 gnolls.

Vanquished Creatures
  A gnoll (D:3)
  4 dart slugs
  3 endoplasms
  A giant cockroach (D:2)
  2 goblins (D:2)
  A hobgoblin (D:2)
  2 jackals (D:2)
  A quokka (D:1)
  2 ball pythons
  4 bats (D:1)
  2 frilled lizards
  3 kobolds (D:1)
  2 rats
28 creatures vanquished.

Notes
Turn   | Place    | Note
-------+----------+-------------------------------------------
     0 | D:1      | innerfire43 the Demonspawn Wanderer began the quest for the
                  | Orb.
     0 | D:1      | innerfire43 set off with the following items: a +0 hand
                  | axe, a +0 buckler, a potion of might, a +0 robe; and the
                  | following spell memorised: Shock; and the following spells
                  | available to memorise: Summon Lightning Spire, Vhi's
                  | Electric Charge.
     0 | D:1      | Reached XP level 1. HP: 15/15 MP: 2/2
   266 | D:1      | Gained mutation: You have sharp fingernails. [demonic
                  | ancestry]
   266 | D:1      | Reached XP level 2. HP: 21/21 MP: 3/3
   854 | D:2      | Gained mutation: You have very sharp fingernails. [demonic
                  | ancestry]
   854 | D:2      | Reached XP level 3. HP: 21/26 MP: 0/5
  1088 | D:2      | Found a faded altar of an unknown god.
  1120 | D:2      | Prayed at the altar of an unknown god.
  1120 | D:2      | Became a worshipper of the Wu Jian Council
  1120 | D:2      | Reached * piety under Wu Jian
  1531 | D:3      | Slain by a gnoll

Illustrated notes

Levels and vault maps discovered:
D:1:      minmay_arrival_checkered_box, layout_rooms
D:2:      layout_basic, shapermc_ecumenical_altar_mp_highgroup
D:3:      layout_basic

Skill      XL: |  1  2 |
---------------+-------+-----
Air Magic      | 3 |  3.1
Fighting       | |  1.4
Axes           | |  1.5
Shields        | |  3.7
Spellcasting   | |  1.9

Action                     || total
---------------------------++-------
  Melee: Hand axe          ||    74
         Flail             ||     2
   Cast: Shock             ||    33
Ability: Lunge             ||     1
    Use: Scroll            ||     1
   Stab: Sleeping          ||     2
 Armour: Robe              ||    52
  Dodge: Dodged            ||    55
  Block: Buckler           ||    20

Table legend: (Time is in decaauts)
 A = Elapsed time spent in this place.
 B = Non-inter-level travel time spent in this place.
 C = Inter-level travel time spent in this place.
 D = Time resting spent in this place.
 E = Time spent auto-exploring this place.
 F = Levels seen in this place.
 G = Mean time per level.
                   A        B        C        D        E       F      G
               +--------+--------+--------+--------+--------+-----+--------+
         Total |   1551 |   1510 |     41 |      0 |   1243 |   3 |  517.0 |
       Dungeon |   1551 |   1510 |     41 |      0 |   1243 |   3 |  517.0 |
               +--------+--------+--------+--------+--------+-----+--------+

Top non-repeatable levels by time:
     D:2: 848 daAuts
     D:1: 579 daAuts
     D:3: 123 daAuts
